 Dungeon Crawl Stone Soup version 0.25.1-8-g42b30a86e7 (webtiles) character file.

Game seed: 1423340070043222812

6745 gruber the Nimble (level 11, -2/65 HPs)
             Began as an Octopode Ice Elementalist on Dec 12, 2020.
             Was a Believer of Vehumet.
             Slain by an unseen horror (10 damage)
             ... on level 10 of the Dungeon.
             The game lasted 00:12:43 (10628 turns).

gruber the Nimble (Octopode Ice Elementalist)      Turns: 10628, Time: 00:12:43

Health: -2/65      AC:  1    Str:  8    XL:     11   Next: 4%
Magic:  8/15       EV: 22    Int: 20    God:    Vehumet [**....]
Gold:   379        SH: 12    Dex: 13    Spells: 1/16 levels left

rFire    . . .     SeeInvis .   u - +9 scimitar "Imyhac" {elec, MR++}
rCold    . . .     Gourm    .   I - +2 buckler
rNeg     . . .     Faith    .   (helmet restricted)
rPois    .         Spirit   .   l - amulet of reflection
rElec    .         Reflect  +   m - +4 ring of evasion
rCorr    +         Harm     .   o - ring of resist corrosion
MR       +++..                  y - ring of protection from magic
Stlth    +++.......             (no ring)
HPRegen  0.20/turn              (no ring)
MPRegen  0.14/turn              (no ring)
                                (no ring)
                                (no ring)

@: frozen ramparts
A: almost no armour, stealthy swim, amphibious, 8 rings, constrict 8, camouflage
1, gelatinous body 1
a: Renounce Religion


You were on level 10 of the Dungeon.
You worshipped Vehumet.
Vehumet was pleased with you.
You were very hungry.

You visited 2 branches of the dungeon, and saw 11 of its levels.
You also visited: Ossuary.

You collected 616 gold pieces.
You spent 237 gold pieces at shops.

Inventory:

Hand Weapons
 u - the +9 scimitar "Imyhac" (weapon) {elec, MR++}
   (You bought it in a shop on level 4 of the Dungeon)

   Occasionally, upon striking a foe, it will discharge some electrical energy
   and cause terrible harm.
   It affects your resistance to hostile enchantments.
Missiles
 e - 48 poisoned darts (quivered)
 k - 15 javelins
Armour
 I - a +2 buckler (worn)
Jewellery
 l - an amulet of reflection (around mantle)
 m - a +4 ring of evasion (left tentacle)
 o - a ring of resist corrosion (right tentacle)
 y - a ring of protection from magic (on tentacle)
 L - an uncursed ring of positive energy {unknown}
Wands
 w - a wand of disintegration (9)
 x - a wand of iceblast (11)
 B - a wand of random effects (15)
 E - a wand of acid (6)
 F - a wand of paralysis (9)
Scrolls
 a - 7 scrolls of teleportation {unknown}
 d - 3 scrolls of enchant weapon {unknown}
 i - 2 scrolls of random uselessness {unknown}
 j - 16 scrolls of identify
 n - a scroll of remove curse {unknown}
 v - 3 scrolls of immolation {unknown}
 z - a scroll of enchant armour {unknown}
 A - 3 scrolls of blinking {unknown}
 C - a scroll of fear {unknown}
 D - 2 scrolls of amnesia {unknown}
 G - a scroll of magic mapping {unknown}
 J - a scroll of silence {unknown}
 K - a scroll of brand weapon {unknown}
Potions
 c - 3 potions of flight {unknown}
 f - 2 potions of lignification {unknown}
 g - 9 potions of curing {unknown}
 h - 3 potions of mutation {unknown}
 p - a potion of haste {unknown}
 q - a potion of heal wounds {unknown}
 r - a potion of brilliance {unknown}
 s - a potion of stabbing {unknown}
 t - 3 potions of might {unknown}
 H - a potion of cancellation {unknown}
Comestibles
 b - 13 rations


   Skills:
 - Level 2.4 Fighting
   Level 0.8(3.9) Short Blades
 - Level 6.2 Long Blades
 - Level 9.2 Dodging
 - Level 2.6 Stealth
 + Level 6.6 Shields
 - Level 3.0 Spellcasting
 - Level 4.1 Conjurations
 - Level 4.1 Charms
 - Level 2.3 Summonings
 - Level 8.0 Ice Magic


You had one spell level left.
You knew the following spells:

 Your Spells              Type           Power        Failure   Level  Hunger
a - Freeze                Ice            ####         1%          1    None
b - Frozen Ramparts       Ice            #####.       1%          3    ###....
c - Ozocubu's Armour      Chrm/Ice       ####....     3%          3    ###....
d - Hailstorm             Conj/Ice       ####....     12%         4    ####...
e - Summon Ice Beast      Ice/Summ       ###.....     17%         4    ####...

Your spell library contained the following spells:

 Spells                   Type           Power        Failure   Level  Hunger
 Stone Arrow              Conj/Erth      ##....       19%         3    ###....
 Magic Dart               Conj           ###.         2%          1    None
 Animate Skeleton         Necr           N/A          14%         1    None
 Sting                    Tmut/Pois      #...         14%         1    None
 Searing Ray              Conj           ###...       4%          2    ##.....
 Call Imp                 Summ           ##......     9%          2    ##.....
 Conjure Flame            Conj/Fire      ##......     19%         3    ###....
 Dazzling Flash           Conj/Hex       ##....       19%         3    ###....
 Blink                    Tloc           N/A          22%         2    ##.....
 Poisonous Vapours        Pois/Air       #.....       22%         2    ##.....
 Slow                     Hex            #.......     22%         2    ##.....
 Mephitic Cloud           Conj/Pois/Air  #.......     24%         3    ###....
 Fulminant Prism          Conj/Hex       ##........   52%         4    ####...
 Iskenderun's Mystic Bla  Conj/Tloc      ##......     52%         4    ####...


Dungeon Overview and Level Annotations

Branches:
Dungeon (10/15)            Temple (1/1) D:7         Ossuary (visited)
   Lair: D:8-11         Orc: D:9-12

Altars:
Dithmenos
Kikubaaqudgha
Makhleb
Nemelex Xobeh
Okawaru
Qazlal
Ru
Trog
Uskayaw
Vehumet
Yredelemnul
Zin
The Shining One

Shops:
D:4 [(?   D:8 *

Annotations:
D:8 3 runed translucent doors


Innate Abilities, Weirdness & Mutations

You cannot wear most types of armour.
You are very stealthy in the water. (Stealth+)
You are amphibious.
You can wear up to eight rings at the same time.
You can use your tentacles to constrict eight enemies at once.
Your skin changes colour to match your surroundings (Stealth+).
Your rubbery body absorbs attacks. (AC +1, EV +1)


Message History

The arrow hits the centaur!
Casting: Frozen Ramparts (safe; 1% risk of failure)
Confirm with . or Enter, or press ? or * to list all spells.
The walls around you are covered in ice.
The wall freezes the centaur.
The centaur shoots an arrow.
The arrow closely misses you.
The wall freezes something. x2
Something barely misses you.
The wall freezes the centaur.
The centaur shoots an arrow.
The arrow misses you.
Unknown command.
Casting: Frozen Ramparts (safe; 1% risk of failure)
Confirm with . or Enter, or press ? or * to list all spells.
A cannonade of hail descends around you!
The hail pelts the centaur!
You kill the centaur!
Vehumet accepts your kill.
The wall freezes something but do no damage.
You block something's attack.
The wall freezes something.
Something hits you.
* * * LOW HITPOINT WARNING * * *
The wall freezes something.
Something hits you!
You die...

#####
....###############
#####........@.......
##.....#....)##.......
###...>.........#.......
...........>............
##.<....................
#.......$........######
#)...............#
#...............##
...!............#


There were no monsters in sight!

Vanquished Creatures
  A hydra (D:8)
  2 two-headed ogres
  A hornet (D:8)
  A hippogriff (D:9)
  2 dream sheep (D:8)
  2 yaks (D:8)
  3 ice beasts (D:9)
  An orc warrior (D:8)
  A black bear (D:6)
  4 ogres
  4 centaurs
  2 crocodiles
  5 big kobolds (D:8)
  2 elf zombies (Ossuary)
  2 bullfrogs
  A water moccasin skeleton (D:8)
  15 killer bees
  4 scorpions
  2 crimson imps
  A bullfrog zombie (D:8)
  2 hounds
  A quasit (D:8)
  A human zombie (Ossuary)
  2 centaur zombies (Ossuary)
  2 jellies
  Crazy Yiuf (D:2)
  2 bullfrog skeletons
  2 orc wizards
  A centaur skeleton (D:6)
  Jessica (D:3)
  3 iguanas
  Terence (D:3)
  2 worker ants
  2 big kobold zombies (Ossuary)
  4 hound zombies
  3 mummies (Ossuary)
  Robin (D:2)
  A worker ant zombie (D:7)
  6 adders
  4 shadow imps
  2 oozes
  4 adder zombies
  An adder skeleton (D:8)
  2 dart slugs (D:1)
  5 leopard geckos
  20 orcs
  2 ball pythons
  5 bats
  3 giant cockroaches
  14 goblins
  6 hobgoblins
  6 jackals
  5 quokkas
  4 frilled lizards
  A goblin zombie (Ossuary)
  3 hobgoblin zombies (Ossuary)
  2 jackal skeletons (D:6)
  4 jackal zombies (Ossuary)
  8 kobolds
  4 kobold zombies (Ossuary)
  2 orc zombies (Ossuary)
  A quokka skeleton (D:9)
  4 quokka zombies (Ossuary)
  6 rats
  8 rat zombies (Ossuary)
220 creatures vanquished.

Notes
Turn   | Place    | Note
-------+----------+-------------------------------------------
     0 | D:1      | gruber the Octopode Ice Elementalist began the quest for
                  | the Orb.
     0 | D:1      | Reached XP level 1. HP: 11/11 MP: 3/3
   178 | D:1      | Reached XP level 2. HP: 12/17 MP: 5/5
   829 | D:2      | Reached skill level 5 in Ice Magic
   829 | D:2      | Reached XP level 3. HP: 18/21 MP: 6/6
   834 | D:2      | Learned a level 3 spell: Frozen Ramparts
   912 | D:2      | You fall into a shaft and drop 2 floors!
   935 | D:4      | Reached XP level 4. HP: 21/27 MP: 3/7
  1108 | D:4      | Found Fanguub's Antique Armour Emporium.
  1249 | D:4      | Reached XP level 5. HP: 31/31 MP: 3/8
  1752 | D:3      | Noticed Terence
  1774 | D:3      | Killed Terence
  1884 | D:3      | Reached XP level 6. HP: 36/36 MP: 9/9
  1895 | D:3      | Noticed Jessica
  1908 | D:3      | Killed Jessica
  2157 | D:3      | Found a faded altar of an unknown god.
  2536 | D:2      | Noticed Robin
  2577 | D:2      | Killed Robin
  3056 | D:2      | Found a runed translucent door.
  3057 | D:2      | Noticed Crazy Yiuf
  3215 | D:2      | Killed Crazy Yiuf
  3431 | D:4      | Found Piopaluaxt's Antique Weapon Boutique.
  3442 | D:4      | Bought an ancient scimitar for 207 gold pieces
  3442 | D:4      | Identified the +9 scimitar "Imyhac" {elec, MR++} (You
                  | bought it in a shop on level 4 of the Dungeon)
  3652 | D:4      | Found Peprysum's Magic Scroll Shop.
  3835 | D:5      | Entered Level 5 of the Dungeon
  4468 | D:5      | Reached XP level 7. HP: 40/41 MP: 10/10
  4648 | D:6      | Reached skill level 1 in Long Blades
  5553 | D:7      | Reached skill level 5 in Long Blades
  5553 | D:7      | Reached XP level 8. HP: 43/46 MP: 7/11
  5749 | D:7      | Found a staircase to the Ecumenical Temple.
  5797 | Temple   | Entered the Ecumenical Temple
  5840 | Temple   | Became a worshipper of Vehumet
  5888 | D:7      | Learned a level 3 spell: Ozocubu's Armour
  5893 | D:7      | Learned a level 4 spell: Hailstorm
  6885 | D:8      | Found Hijezy's General Store.
  6889 | D:8      | Noticed a two-headed ogre
  6949 | D:8      | Bought a scroll of identify for 30 gold pieces
  6986 | D:8      | Killed a two-headed ogre
  6986 | D:8      | Reached XP level 9. HP: 51/51 MP: 8/13
  7058 | D:8      | Found a sand-covered staircase.
  7060 | D:8      | Noticed a hornet
  7072 | D:8      | Killed a hornet
  7072 | D:8      | Reached skill level 3 in Dodging
  7278 | Ossuary  | Entered an ossuary
  7366 | Ossuary  | Reached * piety under Vehumet
  7366 | Ossuary  | Offered knowledge of Foxfire by Vehumet.
  7404 | Ossuary  | Reached skill level 4 in Dodging
  7667 | Ossuary  | Reached skill level 5 in Dodging
  7829 | D:8      | Reached skill level 6 in Dodging
  7892 | D:8      | Reached skill level 7 in Dodging
  7944 | D:8      | Noticed a three-headed hydra
  7953 | D:8      | Killed a three-headed hydra
  7953 | D:8      | Reached skill level 8 in Dodging
  7953 | D:8      | Reached XP level 10. HP: 31/56 MP: 7/14
  8225 | D:8      | Reached skill level 9 in Dodging
  8228 | D:8      | Offered knowledge of Sandblast by Vehumet.
  8228 | D:8      | Reached ** piety under Vehumet
  8496 | D:8      | Reached skill level 1 in Fighting
  8597 | D:8      | Learned a level 4 spell: Summon Ice Beast
  8608 | D:8      | Reached skill level 1 in Summonings
  8802 | D:8      | Found a sacrificial altar of Ru.
  8891 | D:8      | Found a sparkling altar of Nemelex Xobeh.
  8893 | D:8      | Found a shadowy altar of Dithmenos.
  9010 | D:8      | Identified the Almanac of Noxious Necromancy
  9032 | D:8      | Found a runed translucent gate.
  9032 | D:8      | Found a runed translucent gate.
  9032 | D:8      | Found a runed translucent gate.
  9032 | D:8      | Noticed a green ugly thing
  9035 | D:8      | Noticed a glowing orange brain
  9173 | D:8      | Noticed a red ugly thing
  9174 | D:8      | Noticed a white ugly thing
  9307 | D:9      | Reached skill level 1 in Shields
  9752 | D:9      | Found an ancient bone altar of Kikubaaqudgha.
  9811 | D:9      | Noticed a two-headed ogre
  9820 | D:9      | Offered knowledge of Stone Arrow by Vehumet.
  9829 | D:9      | Killed a two-headed ogre
  9829 | D:9      | Reached skill level 5 in Shields
 10213 | D:9      | Reached XP level 11. HP: 65/65 MP: 15/15
 10609 | D:10     | Entered Level 10 of the Dungeon
 10628 | D:10     | Slain by an unseen horror

Illustrated notes

Levels and vault maps discovered:
D:1:      dpeg_arrival_refuge, layout_loops_ring, minmay_misc_feat_room
D:2:      layout_basic, roderic_roman_lattice, minmay_pentomino_x4, uniq_robin,
          uniq_crazy_yiuf_cottage
D:3:      layout_basic, chequers_ecumenical_altar_island, first_ration,
          chequers_serial_rivers_micro_e, uniq_terence, uniq_jessica
D:4:      minmay_inner_zag, layout_basic, serial_shops, shop,
          nicolae_shop_overgrown_old_shop, shop
D:5:      layout_basic
D:6:      layout_basic
D:7:      layout_layer_cave, minmay_temple_entry_sparse_star
D:8:      layout_cave_pods, grunt_temple_overflow_open,
          nicolae_overflow_hidden_temple, kennysheep_little_box,
          ploomutoo_gammafunk_ghost_potion_laboratory, serial_shops, shop,
          nicolae_ossuary_entry_ruins, hangedman_ranch [blue_anna_fruit_fields]
D:9:      layout_cave_pods, kiku_gazebo_pond_becter
D:10:     layout_rooms, nicolae_tso_swordbearing_angel
Temple:   minmay_crystal_spiral_temple

Skill      XL: |  1  2  3  4  5  6  7  8  9 10 |
---------------+-------------------------------+-----
Ice Magic      | 5 6 7 8 |  8.0
Long Blades    | 5 6 |  6.2
Conjurations   | 3 4 |  4.1
Charms         | 3 4 |  4.1
Spellcasting   | 3 |  3.0
Dodging        | 8 9 |  9.2
Fighting       | 2 |  2.4
Summonings     | 2 |  2.3
Shields        | 6 |  6.6
Short Blades   | |  0.8
Stealth        | |  2.6

Action                   |  1- 3 |  4- 6 |  7- 9 | 10-12 || total
-------------------------+-------+-------+-------+-------++-------
Melee: Unarmed           |    56 |    17 |       |       ||    73
       Tentacles         |     9 |    20 |    20 |     6 ||    55
       Constrict         |    15 |    30 |    33 |    15 ||    93
       Trident           |       |    36 |       |       ||    36
       Short sword       |       |    51 |       |       ||    51
       Scimitar          |       |    12 |   125 |    69 ||   206
Throw: Dart              |     4 |       |       |     6 ||    10
 Cast: Frozen Ramparts   |     1 |    12 |    12 |    14 ||    39
       Freeze            |       |     2 |     7 |     4 ||    13
       Ozocubu's Armour  |       |       |     2 |     3 ||     5
       Hailstorm         |       |       |       |     5 ||     5
       Summon Ice Beast  |       |       |       |     1 ||     1
Evoke: Wand              |       |       |     2 |       ||     2
 Stab: Sleeping          |     8 |    18 |     7 |     6 ||    39
       Paralysed         |       |       |     2 |       ||     2
  Eat: Chunk             |       |    12 |     9 |     7 ||    28
       Ration            |       |       |     1 |     1 ||     2
Armor: Skin              |     2 |     2 |     3 |     1 ||     8
Dodge: Dodged            |    37 |    53 |    72 |    75 ||   237
Block: Other             |     4 |    23 |    28 |     8 ||    63
       Reflection        |       |       |     2 |     3 ||     5
       Buckler           |       |       |       |    26 ||    26
       Rpst.: Scimitar   |       |       |    18 |    14 ||    32
